 Dungeon Crawl Stone Soup version 0.27-a0-1296-g8ece459b43 (webtiles) character file.

Game seed: 1239745755519321210

30703 Delamore the Spear-Bearer (level 13, -2/104 HPs)
             Began as a Formicid Fighter on June 16, 2021.
             Was an Initiate of Gozag.
             Slain by a red ugly thing (11 damage)
             ... in a volcano.
             The game lasted 00:17:56 (16236 turns).

Delamore the Spear-Bearer (Formicid Fighter)       Turns: 16236, Time: 00:17:57

Health: -2/104     AC: 19    Str: 30    XL:     13   Next: 90%
Magic:  13/13      EV:  8    Int:  9    God:    Gozag
Gold:   65         SH: 12    Dex: 10    Spells: 12/12 levels left

rFire    + . .     SeeInvis +   o - +3 trident (vorpal)
rCold    + + .     Faith    .   c - +0 kite shield
rNeg     + . .     Spirit   .   u - +0 plate armour of Soft Rains {Contam Str+5 Slay+6}
rPois    +         Reflect  .   (helmet unavailable)
rElec    +         Harm     .   t - +0 cloak {rCorr}
rCorr    +         Rampage  .   R - +1 pair of gloves
Will     +....                  A - +0 pair of boots
Stlth    ..........             (no amulet)
HPRegen  0.27/turn              s - ring of Roewnec {Fly rPois rC+ Stlth+}
MPRegen  0.13/turn              Q - ring of positive energy

@: mighty, brilliant, resistant, gold aura, flying
A: permanent stasis, dig shafts and tunnels, antennae 3, four strong arms
a: Dig, Renounce Religion, Potion Petition, Call Merchant, Bribe Branch


You were in a volcano.
You worshipped Gozag.
Gozag was noncommittal.
You visited 3 branches of the dungeon, and saw 16 of its levels.
You also visited: Volcano.

You collected 4066 gold pieces.
You spent 1273 gold pieces at shops.
You paid 2728 gold pieces to Gozag.

Inventory:

Hand Weapons
 o - a +3 vorpal trident (weapon)
Missiles
 g - 22 poisoned darts
 x - 11 javelins
 J - 3 curare-tipped darts
 N - 9 boomerangs (quivered)
 S - 4 atropa-tipped darts
Armour
 c - a +0 kite shield (worn)
 t - a +0 cloak of preservation (worn)
 u - the +0 plate armour of Soft Rains (worn) {Contam Str+5 Slay+6}
   (You bought it in a shop on level 6 of the Dungeon)

   It affects your strength (+5).
   It affects your accuracy and damage with ranged weapons and melee attacks
   (+6).
   It causes magical contamination when unequipped.
 A - a +0 pair of boots (worn)
 R - a +1 pair of gloves (worn)
Jewellery
 s - the ring of Roewnec (left hand) {Fly rPois rC+ Stlth+}
   (You acquired it on level 6 of the Dungeon)

   [ring of flight]

   It protects you from cold.
   It protects you from poison.
   It grants you flight.
   It makes you more stealthy.
 w - a ring of magical power
 G - a ring of ice
 Q - a ring of positive energy (right hand)
Wands
 e - a wand of paralysis (45)
 p - a wand of polymorph (47)
 q - a wand of charming (8)
 r - a wand of iceblast (41)
 F - a wand of flame (23)
 I - a wand of acid (20)
Scrolls
 b - a scroll of enchant armour
 j - 5 scrolls of enchant weapon
 l - a scroll of brand weapon
 C - 3 scrolls of magic mapping
 D - 2 scrolls of amnesia
 L - a scroll of blinking
Potions
 a - 2 potions of magic
 d - 5 potions of might
 h - 2 potions of haste
 i - 2 potions of lignification
 k - a potion of invisibility
 m - 2 potions of flight
 n - 3 potions of cancellation {unknown}
 z - a potion of ambrosia
 B - a potion of experience {unknown}
 E - 2 potions of degeneration
 H - a potion of berserk rage {unknown}
 K - 2 potions of curing
 M - a potion of brilliance {unknown}
 O - 2 potions of attraction {unknown}
 P - 2 potions of mutation {unknown}


   Skills:
 + Level 10.7 Fighting
 - Level 14.0 Polearms
 - Level 6.0 Throwing
 - Level 10.0 Armour
 + Level 8.4 Shields
 - Level 10.0 Evocations


You had 12 spell levels left.
You didn't know any spells.
Your spell library contained the following spells:

 Spells                   Type           Power      Damage    Failure   Level
 Beastly Appendage        Tmut           0%         N/A       97%         1
 Corona                   Hex            0%         N/A       97%         1
 Poisonous Vapours        Pois/Air       0%         N/A       99%         2
 Slow                     Hex            0%         N/A       99%         2
 Wereblood                Tmut           0%         N/A       99%         2
 Conjure Flame            Conj/Fire      0%         6-21      100%        3
 Inner Flame              Hex/Fire       0%         N/A       100%        3
 Mephitic Cloud           Conj/Pois/Air  0%         N/A       100%        3
 Portal Projectile        Hex/Tloc       0%         N/A       100%        3
 Spider Form              Tmut/Pois      0%         N/A       100%        3
 Cause Fear               Hex            0%         N/A       100%        4
 Ice Form                 Ice/Tmut       0%         N/A       100%        4
 Leda's Liquefaction      Hex/Erth       0%         N/A       100%        4
 Freezing Cloud           Conj/Ice/Air   0%         6-21      100%        5
 Silence                  Hex/Air        0%         N/A       100%        5
 Yara's Violent Unravell  Hex/Tmut       0%         3d3       100%        5
 Discord                  Hex            0%         N/A       100%        8


Dungeon Overview and Level Annotations

Branches:
Dungeon (10/15)            Temple (1/1) D:4            Lair (5/6) D:8
 Shoals (0/4) Lair:2        Snake (0/4) Lair:3          Orc (0/2) D:10
Volcano (1/1)
  Slime: Lair:5-6

Altars:
Ashenzari
Cheibriados
Dithmenos
Elyvilon
Fedhas
Gozag
Hepliaklqana
Kikubaaqudgha
Makhleb
Nemelex Xobeh
Okawaru
Qazlal
Ru
Sif Muna
Trog
Uskayaw
Vehumet
Wu Jian
Xom
Yredelemnul
Zin
The Shining One

Shops:
D:4 (   D:6 ?[   D:9 [   Lair:3 ?

Annotations:
D:9 1 runed translucent door


Innate Abilities, Weirdness & Mutations

You cannot be hasted, slowed, berserked, paralysed or teleported.
You can dig through walls and to a lower floor.
You have a pair of large antennae on your head. (SInv)
Your four strong arms can wield two-handed weapons with a shield.


Message History

Really read the scroll of torment?
As you read the scroll of torment, it crumbles to dust.
Your body is wracked with pain!
* * * LOW HITPOINT WARNING * * *
The red ugly thing convulses!
The hell knight convulses!
You block the hell knight's attack.
Okay, then. [a] - 200 gold - resistance [b] - 350 gold - resistance and might [c] - 399 gold - resistance, might and heal wounds Purchase which effect?
You no longer have enough gold to petition Gozag for potion effects.
You feel protected.
You feel mightier all of a sudden.
You feel much better. You block the hell knight's attack.
You block the red ugly thing's attack.
The hell knight hits you from afar with a +0 glaive of flaming!
* * * LOW HITPOINT WARNING * * *
The hell knight burns you.
* * * LOW HITPOINT WARNING * * *
You closely miss the red ugly thing.
The red ugly thing is severely wounded.
The red ugly thing is distracted by your dazzling golden aura.
You block the hell knight's attack.
The red ugly thing gurgles horribly!
You closely miss the red ugly thing.
The red ugly thing is no longer distracted by gold.
The red ugly thing is severely wounded.
The red ugly thing tentacle-slaps you but does no damage.
You block the hell knight's attack.
You puncture the red ugly thing!
The red ugly thing is almost dead.
The hell knight is distracted by your dazzling golden aura.
The hell knight shouts!
You puncture the red ugly thing!
The red ugly thing is almost dead.
The red ugly thing tentacle-slaps you!
* * * LOW HITPOINT WARNING * * *
You are engulfed in flames!
You resist.
You die...
Your body crumbles into a pile of gold.

#8.8###.....##
##.## ##...## #.#
#..## ########'#
#### ##........#
####
#..##########$.(##
#.##≈#≈#☼#○#.p..!#
#.##≈#≈#☼#○#u#
#..#○#○#○#○#@#
#8#○○§§§§§§§##
###○#§#§#§#§#
#≈#≈#☼#○#§#
#≈#≈#☼#○#§#
###########


You could see a red ugly thing and a hell knight (fast).

Vanquished Creatures
  2 hydras
  Sonja (Lair:1)
  Nergalle (Lair:1)
  An obsidian statue (Volcano)
  Pikel (D:9)
  An oklob plant (Lair:4)
  An ugly thing (Volcano)
  3 merfolk sirens (Lair:2)
  A smoke demon (Volcano)
  Maurice (D:9)
  17 elephants
  3 black mambas
  An unseen horror (D:10)
  7 cane toads
  2 rime drakes
  5 komodo dragons
  A merfolk (Lair:2)
  A troll (D:9)
  3 polar bears
  A meliai zombie (D:10)
  16 blink frogs
  A spriggan (Lair:5)
  11 yaks
  6 fire bats (Volcano)
  5 wyverns
  3 basilisks
  Menkaure (D:6)
  2 nagas (Lair:3)
  An acid dragon (D:9)
  8 water moccasins
  2 hell hounds (Lair:5)
  2 orc warriors
  7 black bears
  2 ice beasts
  A sky beast (D:5)
  6 wolves
  4 centaurs
  2 lemures (D:9)
  A phantom (D:6)
  A kobold brigand (D:7)
  10 bullfrogs
  A wyvern zombie (D:8)
  A scorpion (D:5)
  A wyvern skeleton (D:7)
  6 wights
  2 howler monkeys (D:4)
  2 bullfrog zombies
  7 lava snakes (Volcano)
  6 centaur zombies
  A human zombie (D:9)
  2 bullfrog skeletons (D:6)
  4 orc priests (D:7)
  A gnoll shaman (D:7)
  2 hounds
  An iron imp (D:4)
  A jelly (D:6)
  A centaur skeleton (D:7)
  2 iguanas
  6 orc wizards
  A hound skeleton (D:4)
  2 howler monkey zombies
  9 gnolls
  4 adders
  A shadow imp (D:6)
  2 worms (D:2)
  A dart slug (D:2)
  24 orcs
  An endoplasm (D:2)
  2 giant cockroaches (D:1)
  9 goblins
  7 hobgoblins
  10 jackals (D:3)
  10 kobolds
  2 quokkas
  5 ball pythons
  5 bats
  3 frilled lizards
  A jackal skeleton (D:4)
  4 rats
296 creatures vanquished.

Vanquished Creatures (others)
  A bush (Lair:1)
  20 fungi
  41 plants
62 creatures vanquished.

Grand Total: 358 creatures vanquished

Notes
Turn   | Place    | Note
-------+----------+-------------------------------------------
     0 | D:1      | Delamore the Formicid Fighter began the quest for the Orb.
     0 | D:1      | Reached XP level 1. HP: 18/18 MP: 1/1
   370 | D:1      | Reached XP level 2. HP: 23/24 MP: 2/2
   626 | D:1      | Identified a scroll of acquirement
   626 | D:1      | Acquired 818 gold pieces
   873 | D:2      | Reached XP level 3. HP: 25/29 MP: 3/3
   935 | D:2      | Reached skill level 3 in Polearms
  1379 | D:2      | Found a faded altar of an unknown god.
  1808 | D:3      | Found a hide-covered altar of Uskayaw.
  1944 | D:3      | Reached XP level 4. HP: 37/37 MP: 4/4
  2547 | D:4      | Found a staircase to the Ecumenical Temple.
  2574 | Temple   | Entered the Ecumenical Temple
  2694 | Temple   | Became a worshipper of Gozag Ym Sagoz the Greedy
  2747 | D:4      | Reached skill level 4 in Polearms
  2753 | D:4      | Reached XP level 5. HP: 33/42 MP: 5/5
  2873 | D:4      | Found an iron altar of Okawaru.
  2976 | D:4      | Found a burning altar of Makhleb.
  3161 | D:4      | Reached XP level 6. HP: 45/49 MP: 6/6
  3216 | D:4      | Found a snail-covered altar of Cheibriados.
  3233 | D:4      | Reached skill level 5 in Polearms
  3355 | D:4      | Found a glowing golden altar of the Shining One.
  3533 | D:4      | Bought a runed trident for 162 gold pieces
  3541 | D:5      | Entered Level 5 of the Dungeon
  3578 | D:5      | Noticed a water moccasin
  3583 | D:5      | Reached skill level 5 in Fighting
  3587 | D:5      | Killed a water moccasin
  3588 | D:5      | Reached skill level 6 in Polearms
  3588 | D:5      | Reached XP level 7. HP: 47/56 MP: 7/7
  3829 | D:5      | Reached skill level 7 in Polearms
  4052 | D:5      | Reached skill level 8 in Polearms
  4052 | D:5      | Reached XP level 8. HP: 24/62 MP: 8/8
  4727 | D:5      | Found a bloodstained altar of Trog.
  5205 | D:6      | Reached skill level 9 in Polearms
  5431 | D:6      | Noticed Menkaure
  5711 | D:6      | Killed Menkaure
  5712 | D:6      | Reached skill level 10 in Polearms
  5712 | D:6      | Reached XP level 9. HP: 38/68 MP: 9/9
  5914 | D:6      | Found Oheiheh's Magic Scroll Boutique.
  5952 | D:6      | Acquired the ring of Roewnec {Fly rPois rC+ Stlth+}
  6139 | D:6      | Found Byown's Armour Shop.
  6157 | D:6      | Bought the +0 plate armour of Soft Rains {Contam Str+5
                  | Slay+6} for 781 gold pieces
  6339 | D:7      | Found a broken altar of Ashenzari.
  6554 | D:7      | Reached skill level 11 in Polearms
  6736 | D:7      | Found an ornate altar of the Wu Jian Council.
  7659 | D:8      | Reached skill level 12 in Polearms
  7907 | D:8      | Found a radiant altar of Vehumet.
  8012 | D:8      | Found a hazy altar of Hepliaklqana.
  8038 | D:8      | Found a staircase to the Lair.
  8326 | D:9      | Found an ancient bone altar of Kikubaaqudgha.
  8357 | D:9      | Identified the +3 scale mail "Esieg" {Stlth+}
  8361 | D:9      | Noticed a troll
  8367 | D:9      | Killed a troll
  8368 | D:9      | Reached XP level 10. HP: 70/74 MP: 10/10
  8553 | D:9      | Noticed Maurice
  8563 | D:9      | Killed Maurice
  8564 | D:9      | Reached skill level 13 in Polearms
  8770 | D:9      | Found a runed translucent door.
  8774 | D:9      | Noticed Pikel
  8774 | D:9      | Found a basalt altar of Yredelemnul.
  8786 | D:9      | Killed Pikel
  9053 | D:9      | Found a shimmering blue altar of Sif Muna.
  9371 | D:10     | Entered Level 10 of the Dungeon
  9409 | D:10     | Reached skill level 14 in Polearms
  9758 | D:10     | Reached skill level 1 in Throwing
  9884 | D:10     | Found a staircase to the Orcish Mines.
 10082 | D:10     | Noticed an unseen horror
 10091 | D:10     | Killed an unseen horror
 10399 | Lair:1   | Entered Level 1 of the Lair of Beasts
 10498 | Lair:1   | Reached XP level 11. HP: 79/79 MP: 11/11
 10507 | Lair:1   | Reached skill level 5 in Shields
 10699 | Lair:1   | Noticed Sonja
 10726 | Lair:1   | Reached skill level 5 in Armour
 10748 | Lair:1   | Killed Sonja
 11460 | Lair:1   | Reached skill level 5 in Throwing
 11756 | Lair:1   | Noticed Nergalle
 11770 | Lair:1   | Killed Nergalle
 12079 | Lair:2   | Noticed a five-headed hydra
 12086 | Lair:2   | Killed a five-headed hydra
 12087 | Lair:2   | Reached XP level 12. HP: 64/86 MP: 12/12
 12221 | Lair:2   | Found a staircase to the Shoals.
 12251 | Lair:2   | Reached skill level 10 in Armour
 12501 | Lair:2   | Reached skill level 1 in Evocations
 13648 | Lair:3   | Noticed a six-headed hydra
 13654 | Lair:3   | Killed a six-headed hydra
 13678 | Lair:3   | Reached skill level 5 in Evocations
 13898 | Lair:3   | Found a staircase to the Snake Pit.
 14374 | Lair:3   | Bought a scroll of enchant armour for 90 gold pieces
 14374 | Lair:3   | Bought a scroll of brand weapon for 240 gold pieces
 14545 | Lair:4   | Reached XP level 13. HP: 94/99 MP: 13/13
 14857 | Lair:4   | Reached skill level 10 in Fighting
 15830 | Lair:5   | Found a dark tunnel.
 15848 | Volcano  | Entered a volcano
 16099 | Volcano  | Reached skill level 10 in Evocations
 16208 | Volcano  | HP: 1/104 [hell knight (6)]
 16217 | Volcano  | HP: 5/104 [hell knight (12)]
 16236 | Volcano  | Slain by a red ugly thing

Illustrated notes

Levels and vault maps discovered:
D:1:      wander_arrival_chamber, layout_loops_cross, minivault_4,
          nrook_campfire
D:2:      kb_forest_paths, layout_basic, hellmonk_ecumenical_altar_arch_garden
D:3:      layout_loops_cross, lemuel_round_altar
D:4:      layout_cave_pools, okawaru_metal_pillars_3, tso_metal_star,
          slow_altar_2, lemuel_doored_altar, minmay_temple_entry_statues_pillars
D:5:      layout_basic, trog_antimagical, minmay_curled_crystal
D:6:      layout_basic, serial_shops, shop_coins, nicolae_square_shop,
          uniq_menkaure
D:7:      layout_cave_pods, amcnicky_altar_gilded, marbit_many_paths
D:8:      layout_loops_ring, nicolae_vehumet_altar_sigil,
          worldfamousw_hep_ancestral_shrine, lair_entry_dummy,
          chequers_serial_rivers_room_b, minmay_misc_feat_alley
D:9:      layout_irregular_city, dk_yredelemnul_ordeal, old_standard_altar,
          kennysheep_little_box, uniq_pikel, uniq_maurice
D:10:     layout_long_grid, orc_0_dummy, kennysheep_generic_room_15
Temple:   nicolae_temple_figure_zero
Lair:1:   layout_regular_city, uniq_sonja, uniq_nergalle
Lair:2:   layout_concentric_octagons, elwin_shoals_entry_stream, st_stairs_11,
          minivault_25, lemuel_fruit_tree, grunt_megastairs_1
Lair:3:   layout_chaotic_city, minmay_snake_entry_guardpost_small,
          chequers_serial_rivers_micro_b, beast_lair_carwin_4
Lair:4:   layout_big_grid, lemuel_fruit_fields
Lair:5:   layout_roguey, enter_volcano_3, minivault_19, wad_woods_02
Volcano:  volcano_grotto [vgs_trial_by_fire]

Skill      XL: |  1  2  3  4  5  6  7  8  9 10 11 12 13 |
---------------+----------------------------------------+-----
Polearms       | 3 4 6 8 10 12 14 | 14.0
Fighting       | 4 5 8 10 | 10.7
Throwing       | 2 6 |  6.0
Shields        | 4 7 8 |  8.4
Armour         | 4 9 10 | 10.0
Evocations     | 6 10 | 10.0

Action                   |  1- 3 |  4- 6 |  7- 9 | 10-12 | 13-15 || total
-------------------------+-------+-------+-------+-------+-------++-------
Melee: Trident           |    51 |    19 |   267 |   396 |   263 ||   996
       Short sword       |    48 |    97 |       |       |       ||   145
Throw: Boomerang         |       |       |       |     1 |    12 ||    13
       Dart              |       |       |       |     1 |       ||     1
Invok: Call Merchant     |       |     1 |       |     2 |       ||     3
       Potion Petition   |       |       |       |       |     3 ||     3
 Abil: Dig               |       |       |     6 |     3 |     1 ||    10
Evoke: Wand              |       |       |       |     6 |     1 ||     7
  Use: Scroll            |     7 |     1 |     9 |     5 |     3 ||    25
       Potion            |       |       |       |       |     3 ||     3
 Stab: Distracted        |       |       |     1 |     3 |     5 ||     9
Armor: Scale mail        |    36 |    46 |    64 |       |       ||   146
       Plate armour      |       |       |    31 |   102 |   105 ||   238
Dodge: Dodged            |    20 |    49 |    61 |    40 |    47 ||   217
Block: Kite shield       |    39 |    64 |   106 |   134 |    92 ||   435

Table legend: (Time is in decaauts)
 A = Elapsed time spent in this place.
 B = Non-inter-level travel time spent in this place.
 C = Inter-level travel time spent in this place.
 D = Time resting spent in this place.
 E = Time spent auto-exploring this place.
 F = Levels seen in this place.
 G = Mean time per level.
                   A        B        C        D        E       F      G
               +--------+--------+--------+--------+--------+-----+--------+
         Total |  16105 |  15515 |    590 |   1595 |  11857 |  17 |  947.4 |
       Dungeon |  10480 |  10069 |    411 |   1314 |   7499 |  10 | 1048.0 |
        Temple |    242 |    213 |     29 |     21 |    176 |   1 |  242.0 |
          Lair |   5014 |   4864 |    150 |    260 |   3893 |   5 | 1002.8 |
       Volcano |    368 |    368 |      0 |      0 |    289 |   1 |  368.0 |
               +--------+--------+--------+--------+--------+-----+--------+

Top non-repeatable levels by time:
  Lair:2: 1554 daAuts
     D:5: 1341 daAuts
     D:6: 1303 daAuts
     D:7: 1200 daAuts
  Lair:1: 1198 daAuts
     D:9: 1121 daAuts
     D:8: 1043 daAuts
  Lair:4: 1040 daAuts
     D:2: 991 daAuts
    D:10: 948 daAuts
     D:4: 934 daAuts
  Lair:3: 864 daAuts
     D:1: 835 daAuts
     D:3: 760 daAuts
 Volcano: 368 daAuts
